Cool Beans, neutral female human Valkyrie --------- |.......| ---------- ------------ ---------- |.(.....| #.....>rrrr@r### ...........| ##.........| |.......| ###|.....[p.| |.......^.<| # |........| |.......| `# |....r*..| |..........-#######|........| |.......| # -).*0----- ----.------- # |........| --|------ ## # ##)### #### #######.........| # # # # # # ---------- # # ### ### ### # # # # # # ### # -.-.-- ### ### # # ####%##).%..| # # ### # # |..).| # # # #### |....| -.---------# ------.---------## |.....#######..........|# |..............-## ------ |..........# |........`.....|#######################..........| |..............|# |.........| ---------------- ----------- Cool Beans the Skirmisher Experience level: 4 Strength: 16 Dexterity: 13 Constitution: 18 Intelligence: 7 Wisdom: 11 Charisma: 9 Health: 0(38) Energy: 15(15) Def: 5 Gold: 552 Moves: 2108 Dungeon seed: 5Vw6yz3I1tu3-A8y Game ID: Cool Beans_1515766756 Your Inventory: Coins $ - 552 gold pieces Weapons b - an uncursed +1 dagger l - an uncursed -3 orcish dagger D - 6 uncursed +0 crossbow bolts of fire, frost and lightning E - an uncursed +0 spear (weapon in hand) Armor e - an uncursed burnt +3 small shield (being worn) r - an uncursed +0 pair of iron shoes (being worn) N - an uncursed +0 ring mail Comestibles c - 3 uncursed food rations z - an uncursed tripe ration C - an uncursed sprig of wolfsbane F - an uncursed orange Potions p - a blessed potion of sickness u - an uncursed potion of confusion w - an uncursed potion of full healing A - an uncursed potion of gain level Wands h - an uncursed wand of light (0:13) m - an uncursed wand of lightning (0:6) Tools d - an uncursed oil lamp (0:1288) B - an uncursed skeleton key Gems n - an uncursed worthless piece of orange glass q - an uncursed worthless piece of white glass y - an uncursed worthless piece of red glass Spells and supernatural/magical abilities: Spells marked with '*' are forgotten. Spells marked with '!' are maintained. Spells marked with '#' are aliased with 'castalias'. Name Level Category Fail Memory W - pray for help -- divine ? -- Your skills at the end: Fighting Skills wands [Basic] Weapon Skills dagger [Basic] long sword [Basic] Spellcasting Skills Final Attributes: You were immune to cold. You were stealthy. You were a wererat. You are dead. Vanquished creatures: a shrieker 2 dwarves an iguana 2 large kobolds 5 cave spiders 8 gnomes a gnome zombie 3 geckos 11 jackals 3 goblins 4 sewer rats 5 grid bugs 2 lichens 2 kobold zombies 10 newts 60 creatures vanquished. Voluntary challenges: You were an atheist. You used a wielded weapon 70 times, starting on turn 28. You read items or engraved 6 times, starting on turn 1696. You never genocided any monsters. You never polymorphed an object. You never changed form. You used no wishes. You never split a pudding. You never wrote Elbereth's name. You never violated your personal moral code. Dungeon overview: The Dungeons of Doom: levels 1 to 5 Level 1 some fountains, a vault a long staircase Level 2 Level 3 a fountain Level 4 a long staircase Level 5 <- You were here a vault History has recorded: On T:1 you entered the Dungeons of Doom to retrieve the Amulet of Yendor! On T:434 you reached level 2 of The Dungeons of Doom. On T:828 you advanced to experience level 2. On T:909 you reached level 3 of The Dungeons of Doom. On T:1052 you advanced to experience level 3. On T:1400 you reached level 4 of The Dungeons of Doom. On T:1585 you reached level 5 of The Dungeons of Doom. On T:1842 you advanced to experience level 4. Score breakdown: Gold: 552 ( 9329 points) Experience: 4 levels ( 9649 points) Exploration: 5 levels ( 10.20%) ( 8660 points) Discoveries: 7 items ( 2.81%) ( 5030 points) Valuables value: (no points given unless you survive) Artifact value: 0 ( 0 points) Variety of kills: 15 monsters ( 3.95%) ( 5960 points) Turncount: 2108 turns ( -78 points) Survival: died (score multiplied by 80%) Total score: 30840 Latest messages: You feel feverish. You miss the rabid rat. The rabid rat bites! The wererat misses. You hit the wererat. The rabid rat bites! The wererat bites! You hit the wererat. The rabid rat misses. The wererat misses. You miss the wererat. The rabid rat bites! The wererat just misses! You can't eat that! You engrave in the ground with an orcish dagger. Your orcish dagger gets dull. You are only able to write "Elberet". The rabid rat bites! You die... Final status: Farvel Cool Beans the Valkyrie, killed by a rabid rat, while engraving... You died in The Dungeons of Doom on dungeon level 5 with 30840 points, and 552 pieces of gold, after 2108 moves. You were level 4 with a maximum of 38 hit points when you died.